AoeStats
← [KO19] Lord_Turfux

Lombardia

508740895Analyzed
3v3 RM · 10d ago on Sep 23, 2026· 79m 6s· 6 players
Game mode
Random Map
Map size
Normal (6 player)
Population
200
Speed
Normal
Resources
Standard
Victory
Conquest
Starting age
Dark Age
Ending age
Imperial Age
RankedLock teamsTeams togetherTeam positionsShared explorationLock speedFull tech treeHidden civsTurbo modeCheats
Victory
Defeat
🇩🇪 Saracens · Germany
1754
+14
🇩🇪 Tatars · Germany
1679
+17
🇩🇪 Varangians · Germany
1621
+19
🇺🇸 Wei · United States
1760
-19
🇨🇦 Portuguese · Canada
1750
-19
🇧🇷 Burgundians · Brazil
1574
-12
[KO19] Tony
6:39 Loom
9:03 Feudal Age
9:33 Double-Bit Axe
10:29 Horse Collar
11:23 Town Watch
16:36 Bloodlines
17:44 Scale Barding Armor
25:25 Castle Age
24:02 Forging
25:29 Light Cavalry
26:31 Chain Barding Armor
26:13 Husbandry
27:05 Bow Saw
28:36 Wheelbarrow
29:53 Heavy Plow
31:42 Iron Casting
32:45 Hand Cart
38:20 Imperial Age
36:24 Gold Mining
36:24 Stone Mining
38:54 Stone Shaft Mining
39:41 Plate Barding Armor
38:36 Cavalier
43:39 Vendel Legacy
47:00 Caravan
47:42 Conscription
52:16 Blast Furnace
54:30 Crop Rotation
53:43 Hussar
57:12 Scale Mail Armor
57:38 Squires
58:43 Chain Mail Armor
58:28 Elite Varangian Guard
60:17 Plate Mail Armor
59:58 Pikeman
60:41 Halberdier
61:55 Arson
61:34 Gothikon
61:45 Capped Ram
64:11 Siege Ram
67:39 Siege Engineers
68:36 Chemistry
67:57 Ballistics
67:47 Masonry
67:56 Onager
72:49 Architecture
72:24 Murder Holes
72:09 Elite Jarl
73:00 Gambesons
[KO19] Lord_Turfux
6:26 Loom
10:22 Feudal Age
18:17 Fletching
20:26 Wheelbarrow
25:08 Castle Age
24:43 Scale Barding Armor
24:49 Double-Bit Axe
25:50 Bloodlines
28:27 Forging
31:28 Husbandry
33:19 Bow Saw
32:52 Horse Collar
37:14 Hand Cart
36:44 Town Watch
38:00 Chain Barding Armor
38:06 Heavy Plow
41:29 Gold Mining
41:30 Stone Mining
44:52 Imperial Age
42:29 Caravan
45:03 Fortified Wall
46:03 Iron Casting
45:07 Heavy Camel Rider
45:53 Onager
47:42 Chemistry
49:14 Light Cavalry
50:45 Scale Mail Armor
51:46 Blast Furnace
51:22 Man-at-Arms
52:03 Squires
52:40 Chain Mail Armor
52:34 Long Swordsman
53:51 Plate Mail Armor
53:39 Two-Handed Swordsman
55:57 Two-Man Saw
55:06 Gambesons
55:24 Arson
55:38 Pikeman
55:41 Champion
57:41 Conscription
58:59 Masonry
59:11 Ballistics
59:33 Plate Barding Armor
59:00 Pikeman
61:55 Elite Mameluke
64:58 Counterweights
65:56 Siege Engineers
66:27 Hoardings
66:33 Coinage
68:47 Capped Ram
70:27 Siege Ram
[KO19] Stynz
9:09 Loom
11:08 Feudal Age
13:40 Double-Bit Axe
16:11 Castle Age
14:11 Fletching
15:10 Horse Collar
16:56 Bodkin Arrow
26:47 Husbandry
28:21 Bow Saw
28:14 Heavy Plow
29:08 Bloodlines
29:57 Wheelbarrow
30:23 Gold Mining
30:55 Padded Archer Armor
35:50 Imperial Age
34:11 Hand Cart
33:59 Stone Mining
34:03 Town Watch
34:44 Ballistics
35:54 Heavy Cavalry Archer
36:40 Bracer
38:41 Chemistry
40:03 Gold Shaft Mining
40:13 Leather Archer Armor
40:10 Masonry
41:39 Ring Archer Armor
44:17 Conscription
43:59 Silk Armor
44:10 Timurid Siegecraft
45:51 Scale Barding Armor
45:57 Forging
47:23 Chain Barding Armor
47:45 Siege Engineers
47:09 Light Cavalry
48:25 Iron Casting
47:53 Caravan
47:47 Hussar
54:31 Murder Holes
56:55 Plate Barding Armor
57:20 Blast Furnace
71:46 Elite Keshik
75:04 Capped Ram
76:17 Siege Ram
KerchakSS
6:25 Loom
9:33 Feudal Age
10:21 Double-Bit Axe
12:32 Fletching
22:46 Castle Age
21:25 Padded Archer Armor
24:03 Wheelbarrow
23:53 Bodkin Arrow
23:54 Town Watch
26:16 Horse Collar
29:27 Bow Saw
32:22 Hand Cart
37:33 Imperial Age
34:47 Crossbowman
36:11 Thumb Ring
36:34 Gold Mining
36:34 Stone Mining
37:35 Arbalester
38:18 Bracer
37:42 Elite Skirmisher
38:50 Ballistics
39:17 Leather Archer Armor
40:03 Chemistry
39:02 Treadmill Crane
39:33 Masonry
39:26 Pikeman
40:08 Scale Mail Armor
40:20 Forging
40:54 Ring Archer Armor
41:15 Chain Mail Armor
40:36 Halberdier
42:11 Chain Mail Armor
41:38 Elite Skirmisher
43:11 Architecture
45:10 Plate Mail Armor
45:11 Ring Archer Armor
45:27 Fortified Wall
45:39 Guard Tower
45:55 Siege Engineers
46:07 Caravan
47:13 Iron Casting
47:17 Conscription
48:56 Blast Furnace
48:49 Murder Holes
52:15 Two-Man Saw
51:12 Capped Ram
55:24 Keep
62:33 Arson
75:17 Husbandry
75:31 Bloodlines
74:41 Light Cavalry
SS_Guxta
6:23 Loom
9:14 Feudal Age
9:43 Double-Bit Axe
15:37 Scale Barding Armor
16:32 Bloodlines
16:13 Horse Collar
21:37 Castle Age
20:17 Gold Mining
20:18 Stone Mining
21:06 Forging
21:40 Light Cavalry
22:41 Chain Barding Armor
24:17 Bow Saw
25:22 Wheelbarrow
27:49 Heavy Plow
29:05 Hand Cart
29:23 Town Watch
30:15 Husbandry
31:51 Gold Shaft Mining
39:12 Imperial Age
36:51 Fletching
37:01 Padded Archer Armor
37:50 Stone Shaft Mining
38:03 Thumb Ring
38:33 Bodkin Arrow
39:02 Ballistics
39:52 Leather Archer Armor
39:56 Bracer
40:58 Ring Archer Armor
41:39 Chemistry
41:27 Conscription
42:21 Caravan
41:47 Hussar
43:47 Iron Casting
45:17 Blast Furnace
45:09 Ming Guang Armor
48:23 Coinage
48:47 Parthian Tactics
51:16 Crop Rotation
51:30 Heavy Hei Guang Cavalry
55:03 Banking
56:41 Masonry
57:35 Elite Skirmisher
60:59 Scale Mail Armor
61:49 Squires
61:35 Arson
61:10 Pikeman
66:01 Halberdier
79:03 Chain Mail Armor
SS_Bart
6:48 Loom
8:55 Feudal Age
11:05 Horse Collar
11:11 Double-Bit Axe
18:36 Bow Saw
19:02 Wheelbarrow
18:50 Heavy Plow
19:03 Gold Mining
22:10 Castle Age
22:24 Forging
22:25 Cavalier
23:12 Scale Barding Armor
23:59 Hand Cart
25:59 Two-Man Saw
29:18 Gold Shaft Mining
31:32 Iron Casting
32:16 Stone Mining
34:34 Town Watch
35:11 Chain Barding Armor
38:05 Imperial Age
35:37 Scale Mail Armor
35:00 Pikeman
35:40 Squires
36:31 Stone Shaft Mining
36:41 Chain Mail Armor
37:00 Crop Rotation
37:10 Arson
38:02 Burgundian Vineyards
38:32 Ballistics
38:04 Fletching
38:10 Halberdier
39:56 Blast Furnace
39:46 Conscription
40:44 Caravan
41:18 Plate Mail Armor
41:31 Capped Ram
42:43 Padded Archer Armor
43:44 Chemistry
48:40 Hoardings
52:53 Coinage
52:45 Elite Coustillier
54:01 Plate Barding Armor
55:49 Husbandry
62:36 Bodkin Arrow
62:54 Masonry
66:09 Architecture
74:15 Banking
73:58 Guilds
Connection lost

Rejoining the realm…

Still unreachable

The connection could not be restored.

Session expired

The server has moved on; the page needs a fresh start.